 Dungeon Crawl Stone Soup version 0.28-a0-691-gad6df49e81 (webtiles) character file.

Game seed: 2154102611500362756

22 Rocko1345 the Skirmisher (level 3, -4/29 HPs)
             Began as a Human Fighter on Oct 22, 2021.
             Slain by a gnoll (7 damage)
             ... on level 2 of the Dungeon.
             The game lasted 00:03:35 (836 turns).

Rocko1345 the Skirmisher (Human Fighter)             Turns: 836, Time: 00:03:35

Health: -4/29      AC:  8    Str: 17    XL:     3   Next: 7%
Magic:  3/3        EV:  6    Int:  8    God:
Gold:   24         SH:  4    Dex: 12    Spells: 2/2 levels left

rFire   . . .      SeeInvis .   f - +0 flail
rCold   . . .      Faith    .   c - +0 buckler
rNeg    . . .      Spirit   .   b - +0 scale mail
rPois   .          Reflect  .   (no helmet)
rElec   .          Harm     .   g - +0 cloak
rCorr   .          Rampage  .   (no gloves)
Will    .....                   (no boots)
Stlth   ..........              (no amulet)
HPRegen 0.09/turn               (no ring)
MPRegen 0.08/turn               (no ring)

@: mighty, constricted
A: no striking features
a: no special abilities


You were on level 2 of the Dungeon.
You visited 1 branch of the dungeon, and saw 2 of its levels.

You collected 24 gold pieces.

Inventory:

Hand Weapons
 a - a +0 long sword
 f - a +0 flail (weapon)
Armour
 b - a +0 scale mail (worn)
 c - a +0 buckler (worn)
 g - a +0 cloak (worn)
Scrolls
 e - a scroll of blinking {unknown}


   Skills:
 + Level 3.3 Fighting
 + Level 2.2 Long Blades
 + Level 3.2 Armour
 + Level 3.2 Shields


You had 2 spell levels left.
You didn't know any spells.
Your spell library contained the following spells:

 Spells                   Type           Power      Damage    Failure   Level
 Blink                    Tloc           N/A        N/A       94%         2
 Lesser Beckoning         Tloc           0%         N/A       99%         3
 Manifold Assault         Tloc           0%         N/A       100%        5


Dungeon Overview and Level Annotations

Branches:
Dungeon (2/15)

Altars:


Message History

The endoplasm is heavily wounded.
The gnoll hits you with a +0 club. The kobold closely misses you.
The endoplasm barely misses you. The gnoll hits you with a +0 club.
The kobold barely misses you.
You hit the endoplasm.
You kill the endoplasm!
The ball python bites you. The ball python grabs you.
The ball python constricts you. The gnoll barely misses you.
The kobold closely misses you.
The ball python's grasp on you weakens, but your attempt to escape fails.
The ball python bites you but does no damage.
The ball python constricts you. You block the gnoll's attack.
The kobold hits you but does no damage.
The ball python bites you but does no damage.
The ball python constricts you.
The ball python's grasp on you weakens, but your attempt to escape fails.
You block the gnoll's attack. The kobold barely misses you.
The ball python barely misses you. The ball python constricts you.
You escape the ball python's grasp.
You closely miss the gnoll. The kobold hits you but does no damage.
The gnoll hits you with a +0 club. You block the ball python's attack.
The ball python barely misses you.
Found 11 gold pieces.
The kobold throws a stone.
You block the stone. The gnoll hits you with a +0 club.
You feel very mighty all of a sudden. The gnoll hits you with a +0 club.
* * * LOW HITPOINT WARNING * * *
You closely miss the gnoll.
The ball python bites you but does no damage.
The ball python grabs you. The ball python constricts you.
The ball python barely misses you. The ball python constricts you.
The gnoll completely misses you.
You closely miss the gnoll. You block the ball python's attack.
The ball python constricts you. The gnoll hits you with a +0 club.
* * * LOW HITPOINT WARNING * * *
The ball python barely misses you. The ball python constricts you.
You thump the gnoll!
The gnoll is severely wounded.
The gnoll hits you with a +0 club!
You die...

##.#.... .... #.
#.......##......
<.##.##......#........
....................$.
.....>........#.......
.............#.....
..........##...
####.#.....###.#
#............@.##
#.....<#....#gS.##
#......#.....K...#
#######...........#
#..............
#...........#..
##......#.....#
##.....##$#$## ####...
###..


You could see a gnoll, a ball python and a kobold.

Vanquished Creatures
  A gnoll (D:1)
  An endoplasm (D:2)
  3 goblins (D:1)
  A quokka (D:1)
  A ball python (D:1)
  A bat (D:1)
  2 frilled lizards (D:1)
  A kobold (D:1)
  3 rats
14 creatures vanquished.

Notes
Turn   | Place    | Note
-------+----------+-------------------------------------------
     0 | D:1      | Rocko1345 the Human Fighter began the quest for the Orb.
     0 | D:1      | Reached XP level 1. HP: 18/18 MP: 1/1
   122 | D:1      | Reached XP level 2. HP: 17/24 MP: 2/2
   481 | D:1      | Reached XP level 3. HP: 3/29 MP: 3/3
   836 | D:2      | Slain by a gnoll

Illustrated notes

Levels and vault maps discovered:
D:1:      ebering_trefoil_3fold, layout_loops_ring, serial_glass,
          glass_columns_a, glass_columns_a, item_on_display_b,
          hellmonk_ecumenical_altar_watching_god
D:2:      layout_rooms, minmay_tall_x

Action                   || total
-------------------------++-------
Melee: Long sword        ||    29
       Flail             ||     8
  Use: Potion            ||     2
Armor: Scale mail        ||    39
Dodge: Dodged            ||    41
Block: Buckler           ||    19

Table legend: (Time is in decaauts)
 A = Elapsed time spent in this place.
 B = Non-inter-level travel time spent in this place.
 C = Inter-level travel time spent in this place.
 D = Time resting spent in this place.
 E = Time spent auto-exploring this place.
 F = Levels seen in this place.
 G = Mean time per level.
                   A        B        C        D        E       F      G
               +--------+--------+--------+--------+--------+-----+--------+
         Total |    847 |    837 |     10 |    487 |    160 |   2 |  423.5 |
       Dungeon |    847 |    837 |     10 |    487 |    160 |   2 |  423.5 |
               +--------+--------+--------+--------+--------+-----+--------+

Top non-repeatable levels by time:
     D:1: 815 daAuts
     D:2: 31 daAuts
